 Dungeon Crawl Stone Soup version 0.28-a0-793-g31680bbd8b (webtiles) character file.

Game seed: 3973872018120854024

1338 mathmaestro the Ruffian (level 8, -15/83 HPs)
             Began as a Troll Monk on Nov 4, 2021.
             Demolished by a two-headed ogre (20 damage)
             ... on level 6 of the Dungeon.
             The game lasted 00:07:57 (3990 turns).

mathmaestro the Ruffian (Troll Monk)                Turns: 3990, Time: 00:07:58

Health: -15/83     AC:  7    Str: 22    XL:     8   Next: 35%
Magic:  7/7        EV: 13    Int:  6    God:
Gold:   131        SH:  8    Dex: 18    Spells: 7/7 levels left

rFire   . . .      SeeInvis .     - Unarmed
rCold   . . .      Faith    .   w - +0 kite shield {rN+}
rNeg    + . .      Spirit   .   a - +0 robe
rPois   .          Reflect  .   (helmet restricted)
rElec   .          Harm     .   u - +2 cloak {Will+}
rCorr   .          Rampage  .   (gloves unavailable)
Will    +....                   (boots unavailable)
Stlth   ++........              (no amulet)
HPRegen 1.23/turn               o - +4 ring of evasion
MPRegen 0.10/turn               b - +6 ring of dexterity

@: no status effects
A: large, unfitting armour, claws 3, regeneration 1, shaggy fur 1, tough skin 1
a: no special abilities


You were on level 6 of the Dungeon.
You visited 2 branches of the dungeon, and saw 7 of its levels.

You collected 226 gold pieces.
You spent 95 gold pieces at shops.

Inventory:

Hand Weapons
 h - a +2 dagger of protection
 x - a +1 spear of freezing
Missiles
 f - 137 stones
 i - 35 sling bullets
 p - 3 boomerangs (quivered)
 s - 49 bolts
 y - 36 arrows
Armour
 a - a +0 robe (worn)
 u - a +2 cloak of willpower (worn)
 w - a +0 kite shield of positive energy (worn)
Jewellery
 b - a +6 ring of dexterity (right claw)
 o - a +4 ring of evasion (left claw)
Wands
 q - a wand of digging (2)
 A - a wand of paralysis (9)
Scrolls
 d - a scroll of enchant weapon
 k - a scroll of fog
 v - a scroll of blinking
 B - 2 scrolls of identify
 C - a scroll of brand weapon {unknown}
Potions
 c - 2 potions of haste
 e - 2 potions of flight
 g - a potion of cancellation {unknown}
 j - a potion of curing
 l - a potion of resistance {unknown}
 m - a potion of berserk rage {unknown}
 n - a potion of invisibility {unknown}
 r - a potion of attraction {unknown}
 t - 2 potions of brilliance {unknown}
 z - 2 potions of degeneration {unknown}


   Skills:
 + Level 5.6 Fighting
 - Level 2.8 Throwing
 - Level 4.1 Dodging
 - Level 1.0 Stealth
 * Level 0.7 Shields
 + Level 6.8 Unarmed Combat


You had 7 spell levels left.
You didn't know any spells.
Your spell library contained the following spells:

 Spells                   Type           Power      Damage    Failure   Level
 Slow                     Hex            0%         N/A       96%         1
 Confusing Touch          Hex            0%         N/A       100%        3
 Vampiric Draining        Necr           0%         2d6       100%        3


Dungeon Overview and Level Annotations

Branches:
Dungeon (6/15)             Temple (1/1) D:5

Altars:
Ashenzari
Cheibriados
Dithmenos
Elyvilon
Fedhas
Gozag
Hepliaklqana
Kikubaaqudgha
Makhleb
Nemelex Xobeh
Okawaru
Qazlal
Ru
Sif Muna
Trog
Uskayaw
Vehumet
Wu Jian
Xom
Yredelemnul
Zin
The Shining One

Shops:
D:2 =   D:4 ?


Innate Abilities, Weirdness & Mutations

You are too large for most types of armour.
You have claws for hands.
Your natural rate of healing is unusually fast.
You are covered in fur. (AC +1)
You have tough skin. (AC +1)


Message History

A centaur skeleton comes into view.
Found 8 gold pieces.
The two-headed ogre completely misses you.
You block the two-headed ogre's attack.
You mangle the two-headed ogre!!
The two-headed ogre is moderately wounded.
A white imp opens the door.
The two-headed ogre hits you with a +0 giant club!
You block the two-headed ogre's attack.
You claw the two-headed ogre!
The two-headed ogre is heavily wounded.
The two-headed ogre hits you with a +0 giant club!
You block the two-headed ogre's attack.
You claw the two-headed ogre!
The two-headed ogre is severely wounded.
The white imp gestures at you. The puff of frost hits you.
The two-headed ogre hits you with a +0 giant club!!
The two-headed ogre hits you with a +0 giant club!
* * * LOW HITPOINT WARNING * * *
The white imp gestures at you. The puff of frost misses you.
You scratch the two-headed ogre.
The two-headed ogre is severely wounded.
You block the two-headed ogre's attack.
The two-headed ogre hits you with a +0 giant club!
* * * LOW HITPOINT WARNING * * *
It was a potion of curing.
You feel better. The white imp gestures at you. The puff of frost misses you.
You claw the two-headed ogre!
The two-headed ogre is almost dead.
The two-headed ogre hits you with a +0 giant club!
* * * LOW HITPOINT WARNING * * *
You block the two-headed ogre's attack.
You feel better.
The two-headed ogre hits you with a +0 giant club!
* * * LOW HITPOINT WARNING * * *
The two-headed ogre hits you with a +0 giant club!!
You die...

..#.#####...##
#...#........##
. #...#.......#
...# #.........#
... #.........+
...'##....[....#
#...#.......##
#.#5!......## #
#..@....##
#..O##+##
#$..#..
..Z+##.... ##
..... #......
.#......
.$.......


You could see a two-headed ogre, a white imp and a centaur skeleton.

Vanquished Creatures
  Grinder (D:3)
  4 ogres
  A centaur (D:5)
  A necrophage (D:4)
  4 scorpions
  2 centaur zombies
  A jelly (D:5)
  Crazy Yiuf (D:3)
  Ijyb (D:3)
  Terence (D:3)
  Natasha (D:3)
  10 adders
  4 gnolls (D:4)
  An adder skeleton (D:5)
  2 dart slugs
  A worm (D:2)
  An orc (D:5)
  5 ball pythons
  8 endoplasms
  6 giant cockroaches
  9 hobgoblins
  4 jackals (D:3)
  4 kobolds
  5 quokkas
  A bat (D:3)
  5 frilled lizards
  5 goblins
  A rat (D:2)
90 creatures vanquished.

Notes
Turn   | Place    | Note
-------+----------+-------------------------------------------
     0 | D:1      | mathmaestro the Troll Monk began the quest for the Orb.
     0 | D:1      | Reached XP level 1. HP: 22/22 MP: 0/0
   226 | D:1      | Reached XP level 2. HP: 29/29 MP: 1/1
   392 | D:1      | Found a faded altar of an unknown god.
   875 | D:2      | Reached XP level 3. HP: 36/36 MP: 2/2
  1049 | D:2      | Found a burning altar of Makhleb.
  1373 | D:2      | Found Neeq's Jewellery Emporium.
  1726 | D:3      | Noticed Natasha
  1734 | D:3      | Killed Natasha
  1735 | D:3      | Reached XP level 4. HP: 43/45 MP: 3/3
  1748 | D:3      | Reached skill level 4 in Unarmed Combat
  1815 | D:3      | Found a radiant altar of Vehumet.
  1831 | D:3      | Noticed Grinder
  1836 | D:3      | Paralysed by Grinder for 6 turns
  1846 | D:3      | Noticed Ijyb
  1855 | D:3      | Killed Grinder
  1856 | D:3      | Reached skill level 5 in Unarmed Combat
  1856 | D:3      | Reached XP level 5. HP: 31/54 MP: 4/4
  1856 | D:3      | Reached XP level 6. HP: 36/62 MP: 5/5
  1868 | D:3      | Killed Ijyb
  2002 | D:3      | Noticed Terence
  2010 | D:3      | Killed Terence
  2163 | D:3      | Found a runed translucent door.
  2164 | D:3      | Noticed Crazy Yiuf
  2287 | D:3      | Killed Crazy Yiuf
  2341 | D:4      | Found Zetuepi's Magic Scroll Shop.
  2345 | D:4      | Bought a scroll of blinking for 75 gold pieces
  2345 | D:4      | Bought a scroll of identify for 20 gold pieces
  3076 | D:5      | Entered Level 5 of the Dungeon
  3096 | D:5      | Reached XP level 7. HP: 70/71 MP: 6/6
  3196 | D:4      | Reached skill level 5 in Fighting
  3196 | D:4      | Reached skill level 1 in Throwing
  3196 | D:4      | Reached skill level 6 in Unarmed Combat
  3246 | D:5      | Reached XP level 8. HP: 65/80 MP: 7/7
  3378 | D:5      | Found a staircase to the Ecumenical Temple.
  3387 | Temple   | Entered the Ecumenical Temple
  3950 | D:6      | Identified a scroll of acquirement
  3950 | D:6      | Acquired a +0 kite shield of positive energy
  3978 | D:6      | Noticed a two-headed ogre
  3990 | D:6      | Demolished by a two-headed ogre

Illustrated notes

Levels and vault maps discovered:
D:1:      dpeg_arrival_refuge, layout_basic, chequers_ecumenical_altar_grove
D:2:      layout_basic, serial_shops, nicolae_shop_waterfront, basic_altar
D:3:      layout_basic, nicolae_vehumet_radiance, grunt_ministairs_10,
          uniq_natasha, uniq_crazy_yiuf_cottage, uniq_ijyb, uniq_terence,
          uniq_grinder
D:4:      layout_basic, serial_shops, shop
D:5:      layout_cave_pools, lemuel_temple_firewalk_b
D:6:      layout_loops_corners, minmay_fractal_squares_diagonal_5
Temple:   dpeg_three_leaves_temple

Skill      XL: |  1  2  3  4  5  6  7  8 |
---------------+-------------------------+-----
Fighting       | 3 4 5 |  5.6
Dodging        | 3 4 |  4.1
Unarmed Combat | 5 6 |  6.8
Throwing       | 2 |  2.8
Stealth        | |  1.0
Shields        | |  0.7

Action                   |  1- 3 |  4- 6 |  7- 9 || total
-------------------------+-------+-------+-------++-------
Melee: Unarmed           |    90 |   113 |    64 ||   267
       Punch             |     1 |     3 |     1 ||     5
Throw: Boomerang         |       |       |     3 ||     3
  Use: Scroll            |       |     4 |     3 ||     7
       Potion            |       |       |     2 ||     2
 Stab: Sleeping          |     3 |     3 |     2 ||     8
Armor: Robe              |    21 |    28 |    20 ||    69
Dodge: Dodged            |    37 |    99 |    39 ||   175
Block: Kite shield       |       |       |     6 ||     6

Table legend: (Time is in decaauts)
 A = Elapsed time spent in this place.
 B = Non-inter-level travel time spent in this place.
 C = Inter-level travel time spent in this place.
 D = Time resting spent in this place.
 E = Time spent auto-exploring this place.
 F = Levels seen in this place.
 G = Mean time per level.
                   A        B        C        D        E       F      G
               +--------+--------+--------+--------+--------+-----+--------+
         Total |   3969 |   3759 |    210 |     40 |   3036 |   7 |  567.0 |
       Dungeon |   3889 |   3694 |    195 |     40 |   2981 |   6 |  648.2 |
        Temple |     79 |     64 |     15 |      0 |     55 |   1 |   79.0 |
               +--------+--------+--------+--------+--------+-----+--------+

Top non-repeatable levels by time:
     D:1: 861 daAuts
     D:2: 787 daAuts
     D:4: 775 daAuts
     D:5: 679 daAuts
     D:3: 670 daAuts
     D:6: 115 daAuts
  Temple: 79 daAuts
